 Dungeon Crawl Stone Soup version 0.29-a0-88-g03a7b78be7 (webtiles) character file.

Game seed: 7821682697646629716

219 lordive the Sneak (level 5, -7/25 HPs)
             Began as a Spriggan Enchanter on Feb 6, 2022.
             Killed by divine providence
             ... invoked by an orc priest
              (14 damage)
             ... on level 4 of the Dungeon.
             The game lasted 00:05:32 (4259 turns).

lordive the Sneak (Spriggan Enchanter)              Turns: 4259, Time: 00:05:33

Health: -7/25      AC:  2    Str:  4    XL:     5   Next: 63%
Magic:  7/11       EV: 18    Int: 18    God:
Gold:   127        SH:  0    Dex: 16    Spells: 2/11 levels left

rFire   . . .      SeeInvis +   a - +1 dagger
rCold   . . .      Faith    .   (no shield)
rNeg    . . .      Spirit   .   b - +0 robe
rPois   .          Reflect  .   (helmet restricted)
rElec   .          Harm     .   (no cloak)
rCorr   .          Rampage  .   (gloves unavailable)
Will    .....                   (boots unavailable)
Stlth   ++++......              (no amulet)
HPRegen 0.08/turn               (no ring)
MPRegen 0.12/turn               (no ring)

@: very quick
A: very small, no large weapons, unfitting armour, see invisible, speed 3
a: no special abilities


You were on level 4 of the Dungeon.
You visited 1 branch of the dungeon, and saw 4 of its levels.

You collected 127 gold pieces.

Inventory:

Hand Weapons
 a - a +1 dagger (weapon)
 f - a +4 whip of venom
Armour
 b - a +0 robe (worn)
Jewellery
 m - a ring of protection from cold
Wands
 l - a wand of charming (8)
Scrolls
 e - 5 scrolls of identify {unknown}
 g - a scroll of teleportation {unknown}
 h - a scroll of noise {unknown}
 i - 2 scrolls of blinking {unknown}
Potions
 c - 2 potions of invisibility
 d - 4 potions of might {unknown}
 j - 2 potions of degeneration {unknown}
 k - 2 potions of berserk rage {unknown}
 n - a potion of curing {unknown}
 o - a potion of lignification {unknown}


   Skills:
 * Level 0.8 Fighting
 * Level 1.7 Short Blades
 * Level 3.6 Dodging
 + Level 6.8 Stealth
 + Level 3.9 Spellcasting
 + Level 4.3 Hexes
 + Level 1.1 Ice Magic


You had 2 spell levels left.
You knew the following spells:

 Your Spells              Type           Power      Damage    Failure   Level
a - Ensorcelled Hibernat  Hex/Ice        26%        N/A       7%          2
b - Confusing Touch       Hex            19%        N/A       8%          3
c - Tukima's Dance        Hex            19%        N/A       8%          3
d - Shock                 Conj/Air       12%        1d3       16%         1

Your spell library contained the following spells:

 Spells                   Type           Power      Damage    Failure   Level
 Static Discharge         Conj/Air       3%         N/A       22%         2
 Dazzling Flash           Conj/Hex       22%        N/A       19%         3
 Frozen Ramparts          Ice            14%        1d3       26%         3
 Swiftness                Air            3%         N/A       41%         3
 Ice Form                 Ice/Tmut       5%         N/A       75%         4
 Summon Ice Beast         Ice/Summ       5%         N/A       75%         4
 Airstrike                Air            1%         N/A       83%         4
 Dispel Undead            Necr           3%         3d7       83%         4
 Sticky Flame             Conj/Fire      3%         2d3       83%         4


Dungeon Overview and Level Annotations

Branches:
Dungeon (4/15)
 Temple: D:4-7

Altars:

Shops:
D:3 (


Innate Abilities, Weirdness & Mutations

You are very small and have problems with some larger weapons.
You are too small for most types of armour.
You have supernaturally acute eyesight. (SInv)
You cover ground extremely quickly. (Speed+++)


Message History

A jelly is nearby!
The jelly quivers.
The jelly looks drowsy...
The helpless jelly fails to defend itself.
You impale the jelly!!
You kill the jelly!
d - 4 coppery potions (gained 1)
You open the door.
There is an open door here.
You open the door.
There is an open door here.
You open the door.
There is an open door here.
Found a scale mail.
Found 11 sling bullets.
You open the door.
There is an open door here.
As you open the door, it creaks loudly!
There is an open door here.
You open the door.
There is an open door here.
You open the door.
An orc priest and an orc come into view.
There are monsters nearby! 2 orcs come into view.
An orc is wielding a +2 whip of electrocution.
The orc shouts! x3; The orc priest shouts!
There is an open door here.
You barely miss the orc priest.
The orc priest resists with some effort.
The orc closely misses you. The orc priest hits you with a +0 whip.
The orc priest resists with some effort.
The orc priest mumbles some strange prayers to Beogh against you.
Beogh smites you!
* * * LOW HITPOINT WARNING * * *
You are too injured to fight recklessly!
The orc priest mumbles some strange prayers to Beogh against you.
Beogh smites you!
Ouch! That really hurt!
You die...

.....# .....#
#...## #...#
#### ....# ...#
....# ........
...# #..##
....... o..#
#..##
#.....#+###o..##
....#
#.....#..@'oo..#
....#
#.....#...#....+
....#
#.....#...#....#
###+#
#.....##.###...#
#..#'###.#######
#..#.......#
#..#.......#
+..#.#######
#.##'###.#


You could see an orc priest and 2 orcs.

Vanquished Creatures
  A jelly (D:4)
  Jessica (D:3)
  Terence (D:3)
  Robin (D:3)
  4 adders
  A gnoll (D:1)
  An adder skeleton (D:4)
  2 worms
  A dart slug (D:1)
  3 ball pythons
  A bat (D:3)
  3 endoplasms (D:1)
  10 giant cockroaches
  14 goblins
  9 hobgoblins
  2 jackals (D:3)
  2 kobolds (D:1)
  A quokka (D:1)
  2 frilled lizards
  6 rats
66 creatures vanquished.

Notes
Turn   | Place    | Note
-------+----------+-------------------------------------------
     0 | D:1      | lordive the Spriggan Enchanter began the quest for the Orb.
     0 | D:1      | Reached XP level 1. HP: 9/9 MP: 5/5
   233 | D:1      | Found a faded altar of an unknown god.
   305 | D:1      | Reached skill level 5 in Stealth
   305 | D:1      | Reached XP level 2. HP: 8/13 MP: 6/6
   440 | D:1      | Learned a level 2 spell: Ensorcelled Hibernation
  1689 | D:2      | Reached XP level 3. HP: 16/16 MP: 3/8
  1988 | D:2      | Learned a level 3 spell: Confusing Touch
  1992 | D:2      | Learned a level 3 spell: Tukima's Dance
  2302 | D:3      | Noticed Terence
  2312 | D:3      | Killed Terence
  2313 | D:3      | Reached XP level 4. HP: 21/21 MP: 4/10
  2408 | D:3      | Reached skill level 6 in Stealth
  2535 | D:3      | Noticed Robin
  2550 | D:3      | Killed Robin
  2996 | D:3      | Reached skill level 1 in Ice Magic
  3484 | D:3      | Reached XP level 5. HP: 24/24 MP: 11/11
  3496 | D:3      | Noticed Jessica
  3497 | D:3      | Found Kophe's Weapon Shoppe.
  3505 | D:3      | Killed Jessica
  3904 | D:3      | Learned a level 1 spell: Shock
  4259 | D:4      | Killed from afar by an orc priest

Illustrated notes

Levels and vault maps discovered:
D:1:      heliophobic_arrival_dark_side_of_the_moon, layout_loops_corners,
          basic_ecumenical_altar, nicolae_grassy_gnolls
D:2:      layout_loops_ring
D:3:      minmay_roachtagon, layout_basic, serial_shops, shop, uniq_robin,
          uniq_terence, uniq_jessica
D:4:      layout_gridville, gammafunk_temple_overflow_elements, serial_shops,
          kennysheep_mini, minmay_fountain_box, corexii_mini_fake_secret_closet,
          uniq_duvessa

Skill      XL: |  1  2  3  4 |
---------------+-------------+-----
Stealth        | 5 6 |  6.8
Spellcasting   | 3 |  3.9
Hexes          | 4 |  4.3
Dodging        | 3 |  3.6
Ice Magic      | 1 |  1.1
Fighting       | |  0.8
Short Blades   | |  1.7

Action                   |  1- 3 |  4- 6 || total
-------------------------+-------+-------++-------
Melee: Dagger            |    56 |    69 ||   125
       Whip              |     1 |       ||     1
       Punch             |       |     1 ||     1
 Cast: Ensorcelled Hiber |    18 |    40 ||    58
       Confusing Touch   |       |     1 ||     1
 Stab: Sleeping          |    20 |    34 ||    54
       Confused          |       |     1 ||     1
Armor: Robe              |     4 |     9 ||    13
Dodge: Dodged            |    40 |    59 ||    99

Table legend: (Time is in decaauts)
 A = Elapsed time spent in this place.
 B = Non-inter-level travel time spent in this place.
 C = Inter-level travel time spent in this place.
 D = Time resting spent in this place.
 E = Time spent auto-exploring this place.
 F = Levels seen in this place.
 G = Mean time per level.
                   A        B        C        D        E       F      G
               +--------+--------+--------+--------+--------+-----+--------+
         Total |   3293 |   3219 |     74 |     12 |   2765 |   4 |  823.2 |
       Dungeon |   3293 |   3219 |     74 |     12 |   2765 |   4 |  823.2 |
               +--------+--------+--------+--------+--------+-----+--------+

Top non-repeatable levels by time:
     D:3: 1439 daAuts
     D:1: 1143 daAuts
     D:2: 466 daAuts
     D:4: 244 daAuts
